cohdb
Replays
Latest Replays
All Replays
Popular Replays
Top Player Replays
Match Explorer
How It Works
Community
CoH3 Stats
Reddit
Sign in to upload your games and track your stats! →
Sign in with Steam
Match 41385461
Unlisted
Match 41385461
Overview
Messages
Build Orders
End
Kettenkrad Recon Vehicle
Construct Infanterie Kompanie
MG 42 Machine Gun Team
Grenadier Squad
Grenadier Squad
Construct Luftwaffe Kompanie
Jäger Squad
Jäger Squad
Luftwaffe Officer Quarters
Medical Station
Jäger Squad
Selects Mechanized Battlegroup
Selects Spotting Scopes
Selects Wespe Self-propelled Artillery
Wespe Self-propelled Artillery
Wespe Self-propelled Artillery
Selects Zeroing Artillery Barrage
Construct Panzer Kompanie
Selects Raid Package
Selects StuG Assault Group
Pioneer Squad
Stoßtruppen Squad
Selects UNKNOWN (2160084)
Stoßtruppen Squad
Panther Heavy Tank
瓦拉克
Overlord
追坦克的喵
yapster
HIMYNAMEISHO
Squigergy
0
0
Comments
sign in to comment!
No comments posted yet!